 Dungeon Crawl Stone Soup version 0.25-a0-890-g62861fb195 (webtiles) character file.

Game seed: 11581170673678195011, levelgen mode: classic

1176 Amnesiac the Frost Mage (level 8, -6/41 HPs)
             Began as a Deep Elf Ice Elementalist on May 3, 2020.
             Mangled by an ice beast (9 damage)
             ... on level 6 of the Dungeon.
             The game lasted 00:09:15 (3091 turns).

Amnesiac the Frost Mage (Deep Elf Ice Elementalist) Turns: 3091, Time: 00:09:15

Health: -6/41      AC: 12    Str:  2 (5)  XL:     8   Next: 18%
Magic:  10/19      EV: 13    Int: 22 (23) God:
Gold:   301        SH:  0    Dex: 14 (15) Spells: 11/22 levels left

rFire    . . .     SeeInvis .   a - +4 falchion
rCold    . . .     Gourm    .   (no shield)
rNeg     . . .     Faith    .   x - +0 robe
rPois    .         Spirit   .   (helmet restricted)
rElec    .         Reflect  .   i - +1 cloak
rCorr    +         Harm     .   (no gloves)
MR       .....                  m - +0 pair of boots
Stlth    ++........             (no amulet)
HPRegen  0.13/turn              y - ring of resist corrosion
MPRegen  0.16/turn              (no ring)

@: icy armour, very slightly contaminated
A: antennae 1, low mp 1
a: no special abilities


You were on level 6 of the Dungeon.
You were not hungry.

You visited 1 branch of the dungeon, and saw 7 of its levels.

You collected 301 gold pieces.

Inventory:

Hand Weapons
 a - a +4 falchion (weapon)
Missiles
 h - 18 sling bullets
 k - 82 stones (quivered)
Armour
 i - a +1 cloak (worn)
 m - a +0 pair of boots (worn)
 x - a +0 robe (worn)
Jewellery
 y - a ring of resist corrosion (left hand)
Scrolls
 f - 4 scrolls of amnesia {!r}
 g - 2 scrolls of remove curse {!r}
 l - 3 scrolls of teleportation {!r}
 o - a scroll of blinking {!r}
 q - 2 scrolls of enchant armour {!r}
 u - a scroll of magic mapping {!r}
Potions
 b - a potion of mutation {!q}
 e - a potion of brilliance {!q}
 s - 2 potions of lignification {!q}
 z - a potion of ambrosia {!q}
 B - a potion of curing {!q}
Comestibles
 c - 7 rations


   Skills:
 - Level 2.4 Dodging
 - Level 2.4 Stealth
 + Level 7.9 Spellcasting
 * Level 9.8 Ice Magic


You had 11 spell levels left.
You knew the following spells:

 Your Spells              Type           Power        Failure   Level  Hunger
a - Freeze                Ice            ####         1%          1    None
b - Frozen Ramparts       Ice            ######       1%          3    None
c - Summon Ice Beast      Ice/Summ       ####....     10%         4    ###....
z - Ozocubu's Armour      Chrm/Ice       ####....     3%          3    None

Your spell library contained the following spells:

 Spells                   Type           Power        Failure   Level  Hunger
 Animate Skeleton         Necr           N/A          8%          1    None
 Apportation              Tloc           #.....       8%          1    None
 Corona                   Hex            #......      8%          1    None
 Summon Small Mammal      Summ           #...         8%          1    None
 Hailstorm                Conj/Ice       ####....     10%         4    ###....


Dungeon Overview and Level Annotations

Branches:
Dungeon (7/15)
 Temple: D:4-7

Altars:

Annotations:
D:6 2 transporters, tilp's ghost, novice KoAM


Innate Abilities, Weirdness & Mutations

You have a pair of small antennae on your head.
Your magical capacity is low. (-10% MP)


Message History

You see here 17 gold pieces.
You now have 301 gold pieces (gained 17).
Casting: Ozocubu's Armour (dangerous; 3% risk of failure)
Confirm with . or Enter, or press ? or * to list all spells.
A film of ice covers your body! The ice beast closely misses you.
Casting: Ozocubu's Armour (dangerous; 3% risk of failure)
Confirm with . or Enter, or press ? or * to list all spells.
The spell is quite dangerous to cast (10% risk of failure)!
Continue anyway?
You miscast Summon Ice Beast.
You are very lightly contaminated with residual magic.
Nothing appears to happen.
The ice beast hits you but does no damage.
Casting: Summon Ice Beast (quite dangerous; 10% risk of failure)
Confirm with . or Enter, or press ? or * to list all spells.
The spell is quite dangerous to cast (10% risk of failure)!
Continue anyway?
A chill wind blows around you. The ice beast hits you.
The ice beast freezes you!
You hit the ice beast.
The ice beast is moderately wounded.
The ice beast hits you but does no damage.
Your ice beast freezes the ice beast.
The ice beast completely resists.
You closely miss the ice beast.
The ice beast is moderately wounded.
The ice beast closely misses you.
Your ice beast freezes the ice beast.
The ice beast completely resists.
You hit the ice beast but do no damage.
The ice beast is moderately wounded.
The ice beast barely misses you.
Your ice beast freezes the ice beast.
The ice beast completely resists.
The ice beast closely misses you.
You hit the ice beast but do no damage.
The ice beast is moderately wounded.
You hear the brisk rusting of a distant drain.
The ice beast closely misses you.
You hit the ice beast.
The ice beast is heavily wounded.
The ice beast closely misses you.
The ogre shouts!
You hit the ice beast but do no damage.
The ice beast is heavily wounded.
The ice beast hits you. The ice beast freezes you!
* * * LOW HITPOINT WARNING * * *
Your ice beast freezes the ice beast.
The ice beast completely resists.
The ice beast closely misses you.
You closely miss the ice beast.
The ice beast is heavily wounded.
Your ice beast freezes the ice beast.
The ice beast completely resists.
The ice beast barely misses your ice beast.
Your ice beast freezes the ice beast.
The ice beast completely resists.
You hit the ice beast.
The ice beast is severely wounded.
The ice beast hits you.
* * * LOW HITPOINT WARNING * * *
The ice beast freezes you.
* * * LOW HITPOINT WARNING * * *
You hit the ice beast but do no damage.
The ice beast is severely wounded.
The ice beast completely misses you.
You hit the ice beast but do no damage.
The ice beast is severely wounded.
The ice beast hits you but does no damage.
The ice beast hits you.
* * * LOW HITPOINT WARNING * * *
The ice beast freezes you!
You die...

#. ##.## #. #...# #.#
#...# #.###...####
#..........#.
####....[.......
#######..#.........##
.....O#.....Y.....?..
#..#W#....@Y...##.##
###. #OO#.....#...#
#.#..##.O#...#######
#.#.#..#.#©..#
#.#©....?#...# .#
##.#.#..#?#©..########.#
#..#..##..#..........#.#
#..#!.##..#.#.######.#.#
#..#.#..#.#...######.#.#


You could see an ice beast, 4 ogres, tilp's ghost and a friendly ice beast.

Vanquished Creatures
  The ghost of Flugkiller the Skirmisher, an amateur OgSk (D:3)
  An ice beast (D:6)
  3 centaurs (D:5)
  An ogre (D:4)
  A bullfrog (D:4)
  A scorpion (D:6)
  2 howler monkeys (D:4)
  A jelly (D:4)
  3 orc priests (D:5)
  A hound (D:6)
  2 iguanas (D:5)
  3 worker ants
  A gnoll (D:2)
  6 adders
  A shadow imp (D:5)
  3 worms
  16 orcs
  A giant cockroach (D:4)
  2 goblins (D:1)
  2 hobgoblins
  10 jackals
  2 kobolds (D:1)
  2 quokkas
  3 bats
  5 frilled lizards
  A leopard gecko skeleton (D:6)
  2 rats
77 creatures vanquished.

Notes
Turn   | Place    | Note
-------+----------+-------------------------------------------
     0 | D:1      | Amnesiac the Deep Elf Ice Elementalist began the quest for
                  | the Orb.
     0 | D:1      | Reached XP level 1. HP: 10/10 MP: 6/6
   244 | D:1      | Reached XP level 2. HP: 12/15 MP: 6/8
   392 | D:2      | Reached skill level 5 in Ice Magic
   626 | D:3      | Reached XP level 3. HP: 18/19 MP: 6/10
   633 | D:3      | Learned a level 3 spell: Frozen Ramparts
   637 | D:3      | Learned a level 3 spell: Ozocubu's Armour
   764 | D:3      | Found a runed translucent door.
   764 | D:3      | Noticed Flugkiller's ghost (amateur OgSk)
   782 | D:3      | Killed Flugkiller's ghost
   782 | D:3      | Reached skill level 5 in Spellcasting
   782 | D:3      | Reached skill level 6 in Ice Magic
   782 | D:3      | Reached XP level 4. HP: 17/24 MP: 1/13
   782 | D:3      | Reached XP level 5. HP: 20/28 MP: 1/14
   851 | D:4      | Reached skill level 7 in Ice Magic
   851 | D:4      | Reached XP level 6. HP: 22/32 MP: 3/16
  1289 | D:5      | Entered Level 5 of the Dungeon
  1505 | D:5      | Reached skill level 8 in Ice Magic
  1509 | D:5      | Reached XP level 7. HP: 25/36 MP: 14/18
  1990 | D:5      | Reached skill level 9 in Ice Magic
  2473 | D:5      | Reached XP level 8. HP: 21/41 MP: 16/21
  2949 | D:6      | Learned a level 4 spell: Summon Ice Beast
  2961 | D:6      | Gained mutation: Scrolls take you a little longer to read.
                  | [potion of mutation]
  2961 | D:6      | Lost mutation: Scrolls take you a little longer to read.
                  | [potion of mutation]
  2961 | D:6      | Gained mutation: Your magical capacity is low. (-10% MP)
                  | [potion of mutation]
  2961 | D:6      | Gained mutation: You have a pair of small antennae on your
                  | head. [potion of mutation]
  3056 | D:6      | Found a transporter.
  3057 | D:6      | Found a transporter.
  3057 | D:6      | Noticed tilp's ghost (novice KoAM)
  3091 | D:6      | Mangled by an ice beast

Levels and vault maps discovered:
D:1:      tarquinn_simple_flora_water_d, layout_loops_corners, nrook_campfire,
          minmay_split_cup_small
D:2:      layout_basic, eino_tiny_chamber, uniq_sigmund
D:3:      layout_loops_ring, ebering_ghost_reflecting_pool
D:4:      layout_cave_pools
D:5:      layout_loops_ring, first_ration, serial_glass, glass_columns_a,
          glass_columns_a
D:6:      layout_loops_ring, gammafunk_ghost_smash, gup_sewer_entry_bowl,
          bloody_trog
D:7:      layout_cave_pods, nicolae_overflow_hidden_temple, marbit_many_paths,
          minmay_temple_entry_statues_pillars

Skill      XL: |  1  2  3  4  5  6  7 |
---------------+----------------------+-----
Ice Magic      | 5 6 7 8 9 |  9.8
Spellcasting   | 5 6 7 |  7.9
Dodging        | |  2.4
Stealth        | |  2.4

Action                   |  1- 3 |  4- 6 |  7- 9 || total
-------------------------+-------+-------+-------++-------
Melee: Unarmed           |     1 |     1 |     6 ||     8
       Falchion          |       |       |    22 ||    22
 Cast: Freeze            |    38 |    15 |     8 ||    61
       Frozen Ramparts   |     2 |     8 |    20 ||    30
       Summon Ice Beast  |       |       |     2 ||     2
       Ozocubu's Armour  |       |       |     2 ||     2
  Use: Potion            |       |       |    11 ||    11
       Scroll            |       |       |    10 ||    10
 Stab: Sleeping          |       |       |     1 ||     1
       Invisible         |       |       |     1 ||     1
  Eat: Chunk             |       |     2 |     5 ||     7
Armor: Robe              |     1 |     3 |     9 ||    13
       Skin              |       |       |     2 ||     2
Dodge: Dodged            |    15 |     4 |    37 ||    56
       Rpst.: Falchion   |       |       |     7 ||     7

Table legend:
 A = Non-vault XP
 B = Vault XP
 C = Vault XP percentage of total XP
 D = Non-vault monster count
 E = Vault monster count
 F = Vault count percentage of total count
                 A         B        C        D         E       F
            +---------+---------+-------+---------+---------+-------
      Total |    1456 |     225 |  13.4 |      73 |       4 |   5.2
            +---------+---------+-------+---------+---------+-------
        D:1 |      11 |       4 |  26.7 |       8 |       3 |  27.3
        D:2 |      14 |       0 |   0.0 |       1 |       0 |   0.0
        D:3 |      29 |     221 |  88.4 |      13 |       1 |   7.1
        D:4 |     431 |       0 |   0.0 |      15 |       0 |   0.0
        D:5 |     720 |       0 |   0.0 |      31 |       0 |   0.0
        D:6 |     251 |       0 |   0.0 |       5 |       0 |   0.0
            +---------+---------+-------+---------+---------+-------
